Map: Catalyst LE

Players

BainCompany - Winner!

  • Race: Terran Terran
  • League: Diamond
  • Spawn Location: 5:00

Rye

  • Race: Zerg Zerg
  • League: Diamond
  • Spawn Location: 11:00

VOD

Have the link to the VOD?

Description

Time

  • Played on: April 15, 2018, 3:39 a.m.
  • Length: 11:02
Show
View Real Time Build Order
Export as new Build Order

BainCompany Terran - Winner!

Build Orders: MMM Bio 

Get SALT Encoding   

  12  0:03  SCV  
  13  0:15  SCV  
  14  0:21  Supply Depot  
  14  0:27  SCV  
  15  0:32  Refinery  
  15  0:43  SCV  
  15  0:45  Barracks  
  16  0:55  SCV  
  17  1:03  Barracks  
  17  1:07  SCV  
  18  1:19  SCV  
  18  1:24  Barracks  
  19  1:31  SCV  
  20  1:33  Reaper  
  21  1:42  Supply Depot  
  21  1:46  SCV  
  22  1:51  Reaper  
  23  1:56  Refinery  
  23  2:03  SCV  
  23  2:06  Reaper  
  25  2:12  Reaper  
  26  2:16  SCV  
  27  2:25  Reaper  
  27  2:28  SCV  
  29  2:31  Supply Depot  
  29  2:43  Reaper  
  30  2:45  Reaper  
  30  2:46  Orbital Command  
  31  2:54  Supply Depot  
  31  2:57  Reaper  
  32  3:15  Reaper  
  33  3:20  Reaper  
  34  3:29  Reaper  
  35  3:38  SCV  
  35  3:45  Command Center  
  35  3:47  Reaper  
  35  4:00  Reaper  
  35  4:01  Reaper  
  30  4:17  SCV  
  30  4:19  Reaper  
  31  4:29  SCV, Command Center, Factory  
  32  4:37  Barracks Tech Lab, Barracks Reactor  
  31  4:41  SCV  
  32  4:54  SCV, Engineering Bay  
  32  4:55  Engineering Bay  
  32  4:57  Barracks Reactor  
  32  5:21  Marine  
  32  5:22  Marine x2  
  34  5:30  SCV  
  34  5:31  Stimpack  
  34  5:32  Factory Reactor, Starport  
  34  5:33  Orbital Command  
  35  5:43  Command Center  
  35  5:47  SCV  
  36  5:51  Marine x2  
  38  5:58  Refinery  
  38  6:00  Marine x3  
  38  6:01  SCV  
  38  6:02  SCV  
  43  6:09  Marine x2  
  45  6:16  SCV  
  45  6:17  Factory Reactor  
  45  6:18  SCV, Marine  
  48  6:20  Medivac  
  48  6:23  Marine x2  
  48  6:25  Medivac  
  54  6:30  SCV x2  
  56  6:35  Marine x3  
  59  6:41  Marine x2  
  59  6:42  SCV  
  62  6:49  Supply Depot x2  
  62  6:51  Terran Infantry Weapons Level 1  
  62  6:55  SCV, Marine  
  62  6:56  Refinery  
  62  6:58  Orbital Command  
  64  7:03  SCV  
  64  7:05  Marine  
  64  7:06  Marine  
  64  7:07  SCV  
  68  7:14  Marine x3  
  71  7:15  Terran Infantry Armor Level 1  
  71  7:16  SCV  
  71  7:20  SCV  
  73  7:23  Marine  
  73  7:28  SCV  
  72  7:31  Combat Shields  
  57  7:47  Marine x2  
  57  7:48  Marine x3  
  57  7:49  Widow Mine x2, Medivac  
  68  7:51  SCV  
  68  7:52  SCV x2  
  71  8:00  Armory  
  71  8:05  Marine  
  71  8:07  Supply Depot  
  72  8:14  Supply Depot  
  72  8:16  SCV  
  72  8:17  SCV x2  
  75  8:29  SCV  
  75  8:30  Marine x4  
  75  8:31  Widow Mine, Marauder  
  70  8:56  Marine x5  
  70  8:57  Widow Mine x2, Medivac  
  70  8:58  SCV  
  79  9:04  SCV  
  79  9:06  Orbital Command  
  80  9:10  SCV  
  80  9:15  Marauder  
  83  9:20  Supply Depot x2  
  83  9:26  Marine x4  
  83  9:29  Concussive Shells  
  83  9:31  Supply Depot  
  87  9:34  Supply Depot  
  87  9:36  Supply Depot, Marauder  
  87  9:37  Refinery  
  87  9:38  Bunker  
  89  9:39  Medivac x2  
  89  9:43  Marine  
  89  9:44  SCV x3, Marine x2  
  99  9:56  Marine, SCV x2  
  99  9:57  Marine, SCV  
  104  10:00  Supply Depot  
  104  10:01  Marine  
  104  10:06  Barracks  
  105  10:08  Barracks  
  100  10:36  Marine x5  
  100  10:37  Widow Mine  
  100  10:38  Widow Mine, SCV  
  100  10:39  SCV  
Show
View Real Time Build Order
Export as new Build Order

Rye Zerg 

Build Orders: Pool First 

Get SALT Encoding   

  12  0:02  Drone  
  13  0:14  Overlord  
  13  0:19  Drone  
  14  0:33  Drone x2  
  16  0:46  Spawning Pool  
  16  0:48  Extractor  
  16  0:49  Drone  
  15  0:51  Drone  
  16  0:59  Drone  
  17  1:20  Drone  
  17  1:22  Hatchery  
  17  1:28  Drone  
  18  1:35  Queen  
  18  1:39  Zergling x2  
  21  1:47  Drone  
  22  2:03  Overlord  
  22  2:06  Metabolic Boost  
  22  2:20  Overlord  
  22  2:29  Queen  
  22  2:32  Zergling x2  
  22  2:33  Zergling x2  
  22  2:35  Queen  
  28  2:43  Drone, Spine Crawler  
  27  2:52  Zergling x4  
  28  3:19  Zergling x2  
  28  3:20  Zergling x10  
  31  3:30  Queen x2  
  31  3:36  Zergling x4  
  33  3:51  Zergling x4  
  34  3:57  Zergling x2  
  33  4:06  Queen  
  33  4:08  Zergling x2  
  33  4:09  Zergling x4  
  36  4:12  Zergling x2  
  36  4:21  Drone  
  36  4:22  Drone x3  
  40  4:32  Spine Crawler  
  40  4:35  Drone x2  
  40  4:54  Drone x4  
  40  4:58  Overlord x2  
  40  4:59  Overlord  
  44  5:13  Zergling x2  
  44  5:14  Zergling x2  
  41  5:28  Zergling x2  
  41  5:29  Zergling x8  
  44  5:39  Zergling x2  
  44  5:40  Zergling x8  
  48  5:52  Drone x2  
  50  6:06  Baneling Nest  
  49  6:12  Queen x2  
  53  6:25  Hatchery, Zergling x2  
  53  6:26  Zergling x14  
  53  6:30  Overlord x2  
  53  6:31  Overlord x2  
  60  6:34  Extractor  
  60  6:38  Drone  
  60  6:41  Evolution Chamber  
  59  6:58  Baneling x2  
  59  6:59  Baneling x3  
  59  7:00  Baneling  
  59  7:01  Baneling x3  
  59  7:06  Drone x3  
  62  7:11  Drone x3  
  62  7:12  Drone x3  
  62  7:13  Extractor  
  58  7:38  Zergling x2  
  58  7:39  Zergling x18  
  62  7:49  Overlord  
  62  7:51  Zergling x2  
  63  7:52  Zerg Melee Weapons Level 1  
  63  8:08  Drone x5  
  63  8:09  Drone x2  
  63  8:10  Drone  
  71  8:13  Overlord  
  71  8:21  Spore Crawler  
  71  8:22  Zergling x6  
  71  8:23  Overlord  
  73  8:28  Zergling x12  
  73  8:30  Zergling x2  
  80  8:37  Zergling x2  
  80  8:48  Zergling x6  
  61  8:59  Zergling x18  
  66  9:04  Drone  
  66  9:07  Extractor  
  66  9:10  Lair  
  66  9:12  Overlord  
  66  9:13  Drone  
  67  9:19  Zergling x2  
  68  9:27  Evolution Chamber  
  68  9:29  Hatchery  
  68  9:30  Drone x5  
  71  9:50  Drone x7  
  71  9:52  Extractor  
  77  9:53  Drone x3  
  77  9:54  Extractor  
  79  10:07  Zergling x8  
  81  10:09  Baneling  
  81  10:10  Baneling x2  
  81  10:11  Baneling x3  
  81  10:14  Zergling x4  
  85  10:16  Baneling x2  
  85  10:17  Baneling x3, Zergling x2  
  86  10:22  Zergling x8  
  87  10:29  Zergling x2  
  76  10:40  Zergling x6  
Tags
 
Composition
MMM Bio
Matchup
TvZ
Opening
Pool First
Spawn Locations
Cross Positions
Add a new tag
Caveats
  • Supply blocks, unpowered buildings, or Contaminate may cause inaccurate times.
  • Supply counts are checked every 10 seconds.